 Dungeon Crawl Stone Soup version 0.30.1 (webtiles) character file.

Game seed: 508000328797622677

31500 monsoonserge the Martial Artist (level 13, 0/93 HPs)
             Began as a Demonspawn Monk on July 12, 2023.
             Was the Champion of Lugonu.
             Succumbed to Rupert's poison
             ... on level 4 of the Lair of Beasts.
             The game lasted 01:06:41 (19743 turns).

monsoonserge the Martial Artist (Demonspawn Monk)  Turns: 19743, Time: 01:06:41

Health: 0/93       AC: 21    Str: 21    XL:     13   Next: 26%
Magic:  15/19      EV: 11    Int:  8    God:    Lugonu [******]
Gold:   1105       SH: 12    Dex: 17    Spells: 12/12 levels left

rFire   + .          .
                       - Unarmed
rCold   . . .        t - +2 kite shield
rNeg    + . .        m - +2 chain mail of Tempters {rN+ Will++ Stlth+}
rPois   +            k - +2 helmet
rElec   +            U - +1 cloak {rF+}
rCorr   .            (no gloves)
SInv    +            (no boots)
Will    ++...        f - amulet of the acrobat
Stlth   +            C - ring of see invisible
HPRegen 0.35/turn    x - ring of Fyigewan {rElec rPois Str+6 Int-4}
MPRegen 0.16/turn

%: acrobat
@: lethally poisoned (0 -> -67), unable to drink
A: claws 2, yellow scales 2, ignite blood 2, inability to drink after injury 1
a: Renounce Religion, Depart the Abyss, Banish, Corrupt, Enter the Abyss, Brand
Weapon With Distortion


You were on level 4 of the Lair of Beasts.
You worshipped Lugonu.
Lugonu was exalted by your worship.
You visited 3 branches of the dungeon, and saw 16 of its levels.
You visited the Abyss 1 time.
You also visited: Volcano.

You collected 1105 gold pieces.

Inventory:

Missiles
 u - 23 poisoned darts
 z - 8 javelins
 D - 4 curare-tipped darts
 F - 8 boomerangs (quivered)
Armour
 i - a +4 plate armour of fire resistance
 k - a +2 helmet (worn)
 m - the +2 chain mail of Tempters (worn) {rN+ Will++ Stlth+}
   (You found it on level 4 of the Lair of Beasts)

   rN:        It protects you from negative energy.
   Will:      It greatly increases your willpower.
   Stlth:     It makes you more stealthy.
 t - a +2 kite shield (worn)
 U - a +1 cloak of fire resistance (worn)
 W - a scarf of shadows
Jewellery
 a - an amulet of guardian spirit
 f - an amulet of the acrobat (around neck)
 r - a ring of protection from cold
 v - a ring of willpower
 x - the ring of Fyigewan (right claw) {rElec rPois Str+6 Int-4}
   (You found it on level 8 of the Dungeon)

   [ring of strength]

   Str:       It affects your strength (+6).
   Int:       It affects your intelligence (-4).
   rElec:     It insulates you from electricity.
   rPois:     It protects you from poison.
 C - a ring of see invisible (left claw)
Wands
 s - a wand of charming (10)
 y - a wand of flame (15)
 J - a wand of polymorph (4)
 P - a wand of light (19)
 Q - a wand of mindburst (7)
 Y - a wand of roots (22)
Scrolls
 d - a scroll of blinking {unknown}
 g - 2 scrolls of fog {unknown}
 j - 4 scrolls of poison {unknown}
 l - 2 scrolls of vulnerability {unknown}
 n - a scroll of enchant armour {unknown}
 o - a scroll of enchant weapon {unknown}
 p - 7 scrolls of teleportation {unknown}
 A - a scroll of silence {unknown}
 I - a scroll of fear {unknown}
 M - 2 scrolls of torment {unknown}
 R - 2 scrolls of magic mapping {unknown}
 S - 2 scrolls of immolation {unknown}
 T - 2 scrolls of summoning {unknown}
 V - a scroll of acquirement {unknown}
Potions
 b - 4 potions of lignification
 c - 5 potions of ambrosia
 e - 2 potions of might
 h - 7 potions of curing
 q - a potion of cancellation
 w - 3 potions of berserk rage
 B - a potion of flight
 E - a potion of invisibility
 G - 3 potions of mutation
 H - a potion of haste
 K - a potion of heal wounds
 L - 3 potions of brilliance
 N - 3 potions of attraction
 Z - 5 potions of magic
Miscellaneous
 O - a phial of floods


   Skills:
 + Level 5.9 Fighting
 - Level 0.6(2.0) Short Blades
 - Level 3.0 Long Blades
 + Level 2.1 Throwing
 + Level 7.9 Armour
 - Level 8.0 Dodging
 + Level 2.9 Stealth
 * Level 5.9 Shields
 * Level 14.6 Unarmed Combat
 * Level 8.3 Invocations
 * Level 0.4 Evocations


You had 12 spell levels left.
You didn't know any spells.
Your spell library contained the following spells:

 Spells                   Type           Power      Damage    Failure   Level
 Apportation              Tloc           0%         N/A       99%         1
 Magic Dart               Conj           0%         1d3       99%         1
 Necrotise                Necr           0%         1d4       99%         1
 Shock                    Conj/Air       0%         1d3       99%         1
 Summon Small Mammal      Summ           0%         N/A       99%         1
 Blink                    Tloc           0%         N/A       100%        2
 Call Imp                 Summ           0%         N/A       100%        2
 Lesser Beckoning         Tloc           0%         N/A       100%        2
 Momentum Strike          Conj/Tloc      0%         3d8       100%        2
 Searing Ray              Conj           0%         2d4       100%        2
 Sublimation of Blood     Necr           0%         N/A       100%        2
 Dazzling Flash           Conj/Hex       0%         N/A       100%        3
 Gell's Gravitas          Tloc           0%         N/A       100%        3
 Hailstorm                Conj/Ice       0%         3d3       100%        3
 Mephitic Cloud           Conj/Pois/Air  0%         N/A       100%        3
 Swiftness                Air            0%         N/A       100%        3
 Teleport Other           Tloc           0%         N/A       100%        3
 Airstrike                Air            0%         2d(0-16)  100%        4
 Animate Armour           Summ/Erth      0%         N/A       100%        4
 Fulminant Prism          Conj/Hex       0%         3d5       100%        4
 Ice Form                 Ice/Tmut       0%         N/A       100%        4
 Petrify                  Tmut/Erth      0%         N/A       100%        4
 Agony                    Necr           0%         N/A       100%        5
 Blade Hands              Tmut           0%         N/A       100%        5
 Irradiate                Conj/Tmut      0%         3d11      100%        5
 Silence                  Hex/Air        0%         N/A       100%        5
 Dispersal                Tloc           0%         N/A       100%        6
 Iron Shot                Conj/Erth      0%         9d1       100%        6
 Simulacrum               Ice/Necr       0%         N/A       100%        6


Dungeon Overview and Level Annotations

Branches:
Dungeon (11/15)            Temple (1/1) D:4            Lair (4/5) D:9
  Swamp (0/4) Lair:2       Spider (0/4) Lair:3          Orc (0/2) D:9
Volcano (visited)
  Slime: Lair:4-5

Altars:
Ashenzari
Cheibriados
Dithmenos
Fedhas
Gozag
Hepliaklqana
Kikubaaqudgha
Makhleb
Nemelex Xobeh
Okawaru
Qazlal
Ru
Sif Muna
Trog
Uskayaw
Vehumet
Wu Jian
Xom
Yredelemnul

Shops:
D:3 [   D:4 *?   D:7 :   D:9 =

Portals:
Abyss: D:3

Annotations:
D:1 dig
D:6 2 transporters, hawla's ghost, novice MeFE
Abyss:1 Rupert


Innate Abilities, Weirdness & Mutations

You have very sharp fingernails.
You are mostly covered in yellow scales. (AC +3)
Your demonic aura often causes spilled blood to erupt in flames.
You occasionally lose the ability to drink potions when taking damage.


Message History

Rupert is engulfed in blazing flames.
You block Rupert's attack. The bullfrog barely misses you.
You claw Rupert!
Rupert is moderately wounded.
Rupert is engulfed in blazing flames.
Rupert hits you with a +3 great mace of venom!
You are poisoned.
The bullfrog hits you but does no damage.
You scratch Rupert.
Rupert is moderately wounded.
You feel very sick. You block Rupert's attack. The bullfrog barely misses you.
Rupert is engulfed in blazing flames.
You block Rupert's attack.
You closely miss Rupert.
Rupert is moderately wounded.
You feel very sick.
The bullfrog hits you but does no damage.
Rupert is engulfed in blazing flames.
You block Rupert's attack. The bullfrog closely misses you.
You claw Rupert!
Rupert is moderately wounded.
You feel very sick.
Rupert is engulfed in blazing flames.
Rupert hits you with a +3 great mace of venom!!
You are more poisoned.
You block the bullfrog's attack.
You claw Rupert!
Rupert is heavily wounded.
You feel extremely sick.
Rupert hits you with a +3 great mace of venom!!
You feel threatened and lose the ability to drink potions!
* * * LOW HITPOINT WARNING * * *
You are more poisoned.
The bullfrog is engulfed in blazing flames.
You block the bullfrog's attack.
Press: ? - help, Shift-Dir - straight line, f - Rupert
Aim: Rupert, wielding a +3 great mace of venom and wearing a +3 chain mail of fire resistance (flame, moderately wounded, berserk, chance to affect: 21%) Rupert is devoured by a tear in reality.
Lugonu claims a new guest.
You die...

..........##
##.###
...........#
#..#
..........##
##..#
..........#
##..##
.........##
#...#
.........#
##.##
........##
##...# #.☼○##
##F@# #○§##
#...# ......#
..........
P............
#...........@..
#............##
...[........##


You could see a bullfrog.

Vanquished Creatures
  Nessos (Lair:4)
  A centaur warrior (Volcano)
  A boulder beetle (Lair:3)
  4 death yaks (Lair:4)
  A hell knight (Volcano)
  A skyshark (Lair:2)
  Pikel (D:6)
  A lindwurm (Lair:4)
  An ugly thing (D:11)
  A black mamba (Lair:1)
  A molten gargoyle (Volcano)
  A gargoyle (Volcano)
  An unseen horror (D:10)
  8 cane toads
  A kobold demonologist (D:9)
  7 komodo dragons
  Maggie (D:10)
  A rime drake (Lair:3)
  A troll (D:10)
  A queen bee (Lair:3)
  A hornet (D:10)
  15 blink frogs
  A shadow (D:10)
  2 vampires
  A wyvern (Lair:3)
  Sigmund (D:6)
  29 yaks
  2 wraiths
  Eustachio (D:6)
  A basilisk (Lair:3)
  Menkaure (D:4)
  2 fire bats (Volcano)
  5 steam dragons
  A neqoxec (Abyss:1)
  Edmund (D:5)
  The ghost of shmup the Firebug, an amateur TeFE (D:3)
  An acid dragon (D:10)
  14 water moccasins
  Duvessa (D:4)
  2 small abominations
  A black bear (D:7)
  6 orc warriors
  4 sky beasts
  3 ogres
  6 wolves (Lair:2)
  8 centaurs
  2 phantoms (D:5)
  A lemure (D:6)
  2 kobold brigands
  11 bullfrogs
  A gnoll sergeant (D:10)
  2 scorpions
  Dowan (D:4)
  5 wights (D:8)
  28 killer bees
  6 electric eels (Lair:2)
  2 howler monkeys
  2 jellies (D:6)
  4 lava snakes (Volcano)
  A quasit (Abyss:1)
  5 hounds
  3 orc priests
  Jessica (D:2)
  7 iguanas
  Natasha (thrice) (D:3)
  15 orc wizards
  Robin (D:2)
  9 gnolls
  10 adders
  2 white imps
  5 ufetubi
  3 worms
  5 dart slugs
  46 orcs
  An endoplasm (D:3)
  3 giant cockroaches (D:4)
  12 goblins
  10 hobgoblins
  A jackal (D:3)
  8 kobolds
  4 quokkas
  3 ball pythons
  7 bats
  2 frilled lizards
  6 rats
387 creatures vanquished.

Vanquished Creatures (others)
  A sky beast (D:7)
  A howler monkey (D:8)
  5 kobolds
7 creatures vanquished.

Grand Total: 394 creatures vanquished

Notes
Turn   | Place    | Note
-------+----------+-------------------------------------------
     0 | D:1      | monsoonserge the Demonspawn Monk began the quest for the
                  | Orb.
     0 | D:1      | Reached XP level 1. HP: 18/18 MP: 1/1
    55 | D:1      | Gained mutation: You have sharp fingernails. [demonic
                  | ancestry]
    55 | D:1      | Reached XP level 2. HP: 7/24 MP: 2/2
   685 | D:2      | Reached XP level 3. HP: 29/29 MP: 3/3
   747 | D:2      | Noticed Jessica
   749 | D:2      | Killed Jessica
   750 | D:2      | Reached skill level 1 in Unarmed Combat
  1070 | D:2      | Noticed Robin
  1095 | D:3      | Gained mutation: You are partially covered in yellow
                  | scales. (AC +2) [demonic ancestry]
  1095 | D:3      | Reached XP level 4. HP: 11/37 MP: 2/4
  1478 | D:3      | Found Hewun's Armour Boutique.
  1726 | D:2      | Killed Robin
  1876 | D:3      | Noticed Natasha
  1895 | D:3      | Killed Natasha
  1896 | D:3      | Reached XP level 5. HP: 41/42 MP: 3/5
  2047 | D:3      | Found a transporter.
  2052 | D:3      | Noticed a small abomination
  2127 | D:3      | Noticed Natasha
  2172 | D:3      | Found a transporter.
  2187 | D:3      | Noticed shmup's ghost (amateur TeFE)
  2197 | D:3      | Found a one-way gate to the infinite horrors of the Abyss.
  2363 | D:3      | Killed Natasha
  2364 | D:3      | Reached skill level 1 in Armour
  2364 | D:3      | Reached skill level 2 in Unarmed Combat
  2787 | D:4      | Found a staircase to the Ecumenical Temple.
  2818 | D:4      | Reached XP level 6. HP: 31/48 MP: 4/6
  2969 | Temple   | Entered the Ecumenical Temple
  3097 | D:4      | Noticed Dowan
  3098 | D:4      | Noticed Duvessa
  3398 | D:4      | Killed Duvessa
  3422 | D:4      | Killed Dowan
  3423 | D:4      | Reached skill level 1 in Stealth
  3612 | D:3      | Noticed Natasha
  3622 | D:3      | Killed Natasha
  3623 | D:3      | Gained mutation: You have very sharp fingernails. [demonic
                  | ancestry]
  3623 | D:3      | Reached XP level 7. HP: 51/55 MP: 7/7
  3712 | D:4      | Reached skill level 3 in Unarmed Combat
  3960 | D:5      | Entered Level 5 of the Dungeon
  4055 | D:4      | Reached skill level 5 in Dodging
  4197 | D:4      | Found Ahatupn's General Store.
  4238 | D:4      | Noticed Menkaure
  4259 | D:4      | Killed Menkaure
  4260 | D:4      | Reached skill level 1 in Throwing
  4832 | D:5      | Found an iron altar of Okawaru.
  5307 | D:5      | Reached skill level 4 in Unarmed Combat
  5385 | D:5      | Reached XP level 8. HP: 61/61 MP: 6/8
  5860 | D:5      | Reached skill level 5 in Unarmed Combat
  6369 | D:6      | Found a hazy altar of Hepliaklqana.
  6370 | D:6      | Noticed Edmund
  6371 | D:6      | Noticed Eustachio
  6418 | D:5      | Killed Edmund
  6419 | D:5      | Reached skill level 5 in Fighting
  6419 | D:5      | Reached skill level 6 in Unarmed Combat
  6534 | D:6      | Killed Eustachio
  6568 | D:6      | Noticed hawla's ghost (novice MeFE)
  6579 | D:6      | Found a transporter.
  6637 | D:6      | Noticed Pikel
  6677 | D:6      | Killed Pikel
  6678 | D:6      | Reached skill level 7 in Unarmed Combat
  6678 | D:6      | Reached XP level 9. HP: 35/68 MP: 5/9
  6796 | D:6      | Found a transporter.
  6992 | D:3      | Killed shmup's ghost
  6993 | D:3      | Reached skill level 5 in Armour
  7227 | D:3      | Voluntarily entered the Abyss.
  7264 | Abyss:1  | Noticed a starcursed mass
  7336 | Abyss:1  | Found a corrupted altar of Lugonu.
  7338 | Abyss:1  | Became a worshipper of Lugonu the Unformed
  7338 | Abyss:1  | Reached * piety under Lugonu
  7338 | Abyss:1  | Reached ** piety under Lugonu
  7338 | Abyss:1  | Reached *** piety under Lugonu
  7359 | Abyss:1  | Gained mutation: You occasionally lose the ability to drink
                  | potions when taking damage. [a neqoxec]
  7397 | Abyss:1  | Reached skill level 8 in Unarmed Combat
  7517 | Abyss:1  | Noticed a starcursed mass
  7524 | D:3      | Escaped the Abyss
  7646 | D:4      | Found Dorch's Magic Scroll Emporium.
  8307 | D:6      | Noticed Sigmund
  8345 | D:7      | Found Hulaf's Book Emporium.
  8353 | D:7      | Reached skill level 1 in Invocations
  8992 | D:6      | Killed Sigmund
  8993 | D:6      | Gained mutation: Your demonic aura sometimes causes spilled
                  | blood to erupt in flames. [demonic ancestry]
  8993 | D:6      | Reached XP level 10. HP: 71/74 MP: 11/11
  9598 | D:7      | Reached skill level 9 in Unarmed Combat
 10239 | D:8      | Identified the ring of Fyigewan {rElec rPois Str+6 Int-4}
 10264 | D:8      | Reached **** piety under Lugonu
 10476 | D:8      | Found a burning altar of Makhleb.
 10739 | D:9      | Found Gebb's Jewellery Shop.
 10825 | D:9      | Reached skill level 10 in Unarmed Combat
 10984 | D:9      | Found a staircase to the Lair.
 11236 | D:9      | Found a staircase to the Orcish Mines.
 11512 | D:9      | Reached XP level 11. HP: 76/80 MP: 14/14
 11731 | D:10     | Entered Level 10 of the Dungeon
 12001 | D:10     | Reached skill level 11 in Unarmed Combat
 12201 | D:10     | Noticed Maggie
 12216 | D:10     | Killed Maggie
 12500 | D:10     | Identified the +1 robe of the Narrow Grue {Dex+4}
 12600 | D:10     | Reached ***** piety under Lugonu
 12601 | D:10     | Reached skill level 5 in Invocations
 12989 | D:11     | Noticed a red ugly thing
 13125 | D:11     | Killed a red ugly thing
 13126 | D:11     | Reached skill level 12 in Unarmed Combat
 13737 | Lair:1   | Entered Level 1 of the Lair of Beasts
 13843 | D:9      | Reached skill level 1 in Shields
 14676 | Lair:1   | Gained mutation: You are mostly covered in yellow scales.
                  | (AC +3) [demonic ancestry]
 14676 | Lair:1   | Reached XP level 12. HP: 75/87 MP: 12/16
 15684 | Lair:2   | Found a staircase to the Swamp.
 16011 | Lair:2   | Reached skill level 13 in Unarmed Combat
 17102 | Lair:3   | Found a hole to the Spider Nest.
 17303 | Lair:3   | Reached skill level 5 in Shields
 17425 | Lair:3   | Found a dark tunnel.
 17494 | Volcano  | Entered a volcano
 17888 | Volcano  | Found a burning altar of Makhleb.
 17888 | Volcano  | Noticed a centaur warrior
 17898 | Volcano  | Killed a centaur warrior
 18023 | Volcano  | Reached skill level 14 in Unarmed Combat
 18683 | Lair:3   | Noticed a boulder beetle
 18703 | Lair:3   | Killed a boulder beetle
 18957 | Lair:4   | Identified the +2 chain mail of Tempters {rN+ Will++
                  | Stlth+}
 18988 | Lair:4   | Gained mutation: Your demonic aura often causes spilled
                  | blood to erupt in flames. [demonic ancestry]
 18988 | Lair:4   | Reached XP level 13. HP: 80/93 MP: 18/18
 18988 | Lair:4   | Reached ****** piety under Lugonu
 19530 | Lair:4   | Noticed Nessos
 19560 | Lair:4   | Killed Nessos
 19728 | Lair:4   | Noticed Rupert
 19743 | Lair:4   | Banished Rupert
 19743 | Lair:4   | Succumbed to Rupert's poison

Illustrated notes

Levels and vault maps discovered:
D:1:      psy_arrival_radial01, layout_rooms, minmay_misc_feat_roman,
          due_unseen_surprise
D:2:      layout_basic, uniq_robin, uniq_jessica
D:3:      minmay_evil_eye, layout_loops_ring, serial_shops,
          nicolae_shop_behind_doors, gammafunk_ghost_abyssal_escape,
          minmay_hedge_maze, minmay_ruptured, uniq_natasha
D:4:      cheibrodos_quashed, layout_layer_cave, minmay_temple_entry_slanted,
          serial_shops, shop, nicolae_take_the_stairs, kennysheep_dice,
          uniq_duvessa, uniq_menkaure
D:5:      minmay_razor_zed, layout_loops_cross, okawaru_ov_weapons_minmay,
          serial_co_window_serial, co_window_corner_a, co_window_corner_a,
          co_window_cross_1, co_window_of_opportunity_a, co_window_cross_1,
          co_window_corner_b, co_window_corner_b, co_window_unsneaky_path_e
D:6:      layout_basic, mainiacjoe_overflow_small_starburst,
          gammafunk_ghost_arena, uniq_sigmund, uniq_pikel, uniq_eustachio,
          uniq_edmund
D:7:      layout_rooms, nicolae_stop_n_shop_1
D:8:      layout_rooms, jmf_multi_god_temple, hangedman_misty_isle
D:9:      layout_roguey, lair_entry_dummy, orc_0_dummy, serial_shops,
          kennysheep_little_box
D:10:     layout_loops_ring, uniq_maggie
D:11:     cheibrodos_fzero, layout_layer_cave
Temple:   compressed_dpeg_circular_temple
Lair:1:   layout_cave_pods, beast_lair_carwin_1
Lair:2:   layout_layer_cave, minmay_swamp_entry_eels
Lair:3:   layout_roguey [special_room_bee], spider_nest_entry_webs,
          enter_volcano_1, grunt_forest_small_clearing_treed
Lair:4:   layout_cave_pods, serial_bayou_crossing, uniq_rupert, uniq_nessos,
          uniq_snorg, uniq_sonja

Skill      XL: |  1  2  3  4  5  6  7  8  9 10 11 12 13 |
---------------+----------------------------------------+-----
Long Blades    | 3 |  3.0
Dodging        | 3 4 5 6 7 8 |  8.0
Unarmed Combat | 1 2 4 7 8 10 12 14 | 14.6
Armour         | 1 2 3 4 6 7 |  7.9
Fighting       | 4 5 |  5.9
Stealth        | 1 2 |  2.9
Throwing       | 1 2 |  2.1
Invocations    | 2 4 6 7 8 |  8.3
Shields        | 3 5 |  5.9
Short Blades   | |  0.6
Evocations     | |  0.4

Action                     |  1- 3 |  4- 6 |  7- 9 | 10-12 | 13-15 || total
---------------------------+-------+-------+-------+-------+-------++-------
  Melee: Falchion          |   102 |     9 |       |       |       ||   111
         Short sword       |       |   306 |       |       |       ||   306
         Punch             |       |     7 |    16 |    22 |       ||    45
         Dagger            |       |    48 |    18 |       |       ||    66
         Unarmed           |       |       |   436 |   806 |    69 ||  1311
  Throw: Dart              |       |     9 |    11 |     2 |       ||    22
         Boomerang         |       |       |    10 |     9 |       ||    19
         Javelin           |       |       |     1 |       |       ||     1
 Invoke: Depart the Abyss  |       |       |     1 |       |       ||     1
         Banish            |       |       |       |       |     1 ||     1
    Use: Potion            |       |     2 |     3 |     3 |       ||     8
         Scroll            |       |       |       |    11 |       ||    11
   Stab: Sleeping          |       |       |       |     2 |       ||     2
         Distracted        |       |       |       |     1 |       ||     1
 Armour: Robe              |    18 |       |       |       |       ||    18
         Leather armour    |    14 |   163 |       |       |       ||   177
         Skin              |       |    12 |    21 |    36 |       ||    69
         Ring mail         |       |       |    30 |       |       ||    30
         Scale mail        |       |       |   163 |   153 |       ||   316
         Steam dragon scal |       |       |       |    94 |       ||    94
         Troll leather arm |       |       |       |     4 |       ||     4
         Plate armour      |       |       |       |    24 |       ||    24
         Chain mail        |       |       |       |     3 |    20 ||    23
  Dodge: Dodged            |   117 |   218 |   291 |   480 |    27 ||  1133
  Block: Kite shield       |       |       |       |   280 |    44 ||   324
